[Event "World Junior U20 Open 2018"]
[Site "Gebze"]
[Date "2018.09.11"]
[Round "7.70"]
[White "Lin, Peisen"]
[Black "Silva, David"]
[Result "0-1"]
[ECO "C79"]
[WhiteElo "2034"]
[BlackElo "2223"]
[Annotator "NA"]
[PlyCount "71"]
[EventDate "2018.09.05"]
[EventType "swiss"]
[EventCountry "TUR"]
[SourceTitle "playchess.com"]
[Source "ChessBase"]
[SourceQuality "1"]
[TimeControl "40/5400+30:1800+30"]

1. e4 e5 2. Nf3 Nc6 3. Bb5 a6 4. Ba4 d6 {[%emt 0:06:30] LiveBook: 3861 Games} 5. O-O Bd7 6. c3 Nf6 7. Re1 g6 8. d4 Qe7 9. Nbd2 Bg7 10. Nf1 O-O 11. Ne3 {[%emt 0:09:30] C79: Ruy Lopez: Steinitz-type lines with 3...a6 4 Ba4 Nf6 5 0-0 d6} b5 12. Bc2 h6 $146 ({Predecessor:} 12... exd4 13. cxd4 Nb4 14. Bb3 a5 15. a3 Na6 16. e5 dxe5 17. dxe5 Ng4 18. e6 Nxe3 19. exf7+ Kh8 20. Bxe3 Be6 21. Bg5 Bxb3 22. Bxe7 Bxd1 23. Bxf8 Bxf3 24. Bxg7+ Kxg7 25. gxf3 {1-0 (25) Findlay,I (2410)-Witt,L (2340) Toronto 1987}) 13. Nd5 Qd8 14. dxe5 Nxd5 15. Qxd5 Nxe5 16. Nxe5 Bxe5 17. f4 Bf6 18. Be3 Qe8 19. Qd2 Bc6 20. Bd4 Qe7 21. Re3 Rad8 22. Rae1 Bd7 23. Rf3 Rfe8 24. Ref1 Bc6 25. Re3 Bb7 26. Qe2 Ba8 27. Bxf6 Qxf6 28. h3 Re7 29. g3 Rde8 30. Re1 Qe6 31. Kh2 $17 Qxa2 32. Bb1 Qe6 33. b4 Qf6 34. Ba2 Rxe4 35. Rxe4 Rxe4 36. Qd1 0-1

[Event "World Junior U20 Open 2018"]
[Site "Gebze"]
[Date "2018.09.11"]
[Round "7.72"]
[White "Daghan, Devran"]
[Black "Eren, Ataberk"]
[Result "0-1"]
[ECO "C11"]
[WhiteElo "2004"]
[BlackElo "2180"]
[Annotator "NA"]
[PlyCount "124"]
[EventDate "2018.09.05"]
[EventType "swiss"]
[EventCountry "TUR"]
[SourceTitle "playchess.com"]
[Source "ChessBase"]
[SourceQuality "1"]
[TimeControl "40/5400+30:1800+30"]

1. e4 e6 2. d4 d5 3. Nc3 Nf6 4. e5 Nfd7 5. f4 c5 6. Nf3 Nc6 7. Be3 Be7 8. Qd2 a6 9. dxc5 Nxc5 {[%emt 0:00:00] C11: French: Classical System: 4 e5 and 4 Bg5 dxe4} 10. O-O-O b5 (10... Qa5 11. Kb1 b5 12. h4 Bd7 13. g4 b4 14. Ne2 Ne4 15. Qe1 Rb8 16. Nc1 Nc3+ 17. bxc3 bxc3+ {1-0 (96) Najer,E (2679)-Korobov,A (2695) Poikovsky 2017}) 11. Bxc5 Bxc5 12. Bd3 g6 $146 ({Predecessor:} 12... Bd7 13. Ne2 Nb4 14. Kb1 Qb6 15. h4 a5 16. Rh3 Be3 17. Qe1 Nxd3 18. cxd3 {1-0 (45) Merry,A (2422)-Olarasu,I (2058) London 2017}) 13. Ne2 Qb6 14. Kb1 Be3 15. Qe1 Bf2 16. Qd2 b4 17. g4 Qe3 18. Qxe3 Bxe3 19. g5 h5 20. h4 Ke7 21. Rh3 Rd8 22. Nd2 Bb6 23. c4 bxc3 24. Nxc3 Bd7 25. Nb3 Na5 26. Nxa5 Bxa5 27. Bc2 Rab8 28. Ne2 Bb4 29. Bd3 a5 30. Rc1 a4 31. Rh2 Rdc8 32. Rxc8 Rxc8 33. Rh1 Bd2 34. Rd1 Be3 35. b3 a3 36. Ba6 Ra8 37. Bd3 Rb8 38. Kc2 Rc8+ 39. Kb1 Bf2 40. Rh1 d4 41. Bc4 Bc6 42. Rf1 Be4+ 43. Kc1 Be3+ 44. Kd1 Bg2 45. Rg1 Bxg1 46. Nxg1 Bd5 47. Bxd5 exd5 48. Ne2 d3 49. Nd4 Kd7 50. Kd2 Rc5 51. Kd1 Kc8 52. Kd2 Kb7 53. Kd1 Ka6 54. Kd2 Ka5 55. Kxd3 Rc1 56. f5 gxf5 57. Nxf5 Ra1 58. Ne3 Rxa2 59. g6 $19 fxg6 60. Nc2 Kb6 61. b4 Kc7 62. Kc3 d4+ 0-1

[Event "World Junior U20 Open 2018"]
[Site "Gebze"]
[Date "2018.09.11"]
[Round "7.75"]
[White "Caglar, Ahmet Ata"]
[Black "Taalaibekov, Tagir"]
[Result "1-0"]
[ECO "B43"]
[WhiteElo "2071"]
[BlackElo "2291"]
[Annotator "NA"]
[PlyCount "137"]
[EventDate "2018.09.05"]
[EventType "swiss"]
[EventCountry "TUR"]
[SourceTitle "playchess.com"]
[Source "ChessBase"]
[SourceQuality "1"]
[TimeControl "40/5400+30:1800+30"]

1. e4 c5 2. Nf3 e6 3. d4 cxd4 4. Nxd4 a6 5. Nc3 Qc7 6. g3 b5 7. Bg2 Bb7 8. O-O d6 9. Re1 Nf6 10. Nd5 exd5 11. exd5+ Kd8 ({Avoid the trap} 11... Be7 $2 12. Nf5 $18) 12. Bg5 {[%emt 0:01:30] LiveBook: 3 Games} Nbd7 {[%emt 0:00:30] [#]} 13. Nc6+ $1 {[%emt 0:06:30] B43: Sicilian: Kan Variation: 5 Nc3} ({And not} 13. Qe2 Ne5 $11) 13... Bxc6 14. dxc6 Nc5 15. a4 ({And not} 15. Qe2 Be7 $11) 15... b4 (15... bxa4 16. Be3 Ne6 17. Rxa4 Be7 18. b4 Qb8 19. c4 Kc7 20. Qe2 Re8 {1-0 (51) Perez Mitjans,O (2414)-Vasquez Schroder,R (2551) Barcelona 2014}) 16. Qd4 Be7 17. Qxb4 $146 ({Predecessor:} 17. Qc4) 17... Ne6 18. Be3 Rb8 19. Qc3 Ng4 (19... d5 $5 20. Red1 Ke8 $15) 20. Bd2 h5 21. h3 Nf6 22. b4 $16 Ke8 23. Rab1 Kf8 24. b5 axb5 25. axb5 d5 26. Be3 Qd6 27. Ba7 Rc8 28. Red1 h4 29. Qe3 hxg3 30. fxg3 Rd8 31. c4 d4 32. Qd3 Ng5 33. h4 Nge4 34. b6 g6 35. c7 Re8 36. b7 Qxc7 37. b8=Q Rxb8 38. Bxb8 Qc6 39. Be5 Qe6 40. Bxf6 Nxf6 41. Rb8+ Ne8 42. Qxd4 Rh5 43. Qe4 Bc5+ 44. Kh2 Re5 45. Qc6 Qxc4 46. Rdd8 Qe2 47. Rxe8+ Rxe8 48. Qxc5+ Kg8 49. Qb5 Qxb5 50. Rxb5 Re2 51. Rb7 Kg7 52. Kg1 Rd2 53. Bc6 Rd8 54. Rd7 Rf8 55. Bd5 Kf6 56. Kg2 g5 57. Rxf7+ Rxf7 58. hxg5+ Kg6 59. Bxf7+ Kxf7 60. Kf3 Kg6 61. Kg4 Kg7 62. Kf5 Kf7 63. g6+ Kg7 64. Kg5 Kg8 65. Kf6 Kh8 66. g7+ Kg8 67. g4 Kh7 68. Kf7 Kh6 69. g8=R 1-0

[Event "World Junior U20 Open 2018"]
[Site "Gebze"]
[Date "2018.09.11"]
[Round "7.78"]
[White "Piyumantha, M Sasith Nipun"]
[Black "Dionizio, Andre Filipe Nascim"]
[Result "1/2-1/2"]
[ECO "E11"]
[WhiteElo "2139"]
[BlackElo "2010"]
[Annotator "NA"]
[PlyCount "112"]
[EventDate "2018.09.05"]
[EventType "swiss"]
[EventCountry "TUR"]
[SourceTitle "playchess.com"]
[Source "ChessBase"]
[SourceQuality "1"]
[TimeControl "40/5400+30:1800+30"]

1. d4 d5 2. c4 e6 3. Nf3 Nf6 4. g3 Bb4+ 5. Bd2 a5 6. Qc2 O-O 7. Bg2 Nbd7 {[%emt 0:07:30] E11: Damenindisch (Bogoljubow-Variante)} 8. O-O Bxd2 9. Nbxd2 c6 10. e4 dxe4 11. Nxe4 Nxe4 12. Qxe4 c5 13. Rfd1 Qb6 {[%emt 0:06:30] [#]} 14. Qc2 $146 ({Vorgänger:} 14. Rd2 cxd4 15. Ng5 Nf6 16. Qxd4 Qxd4 17. Rxd4 {1-0 (57) Damljanovic,B (2607)-Lajthajm,B (2496) Tivat 2011}) 14... cxd4 15. Rxd4 Qc7 16. Rad1 Rb8 17. Rd6 b6 18. Rc6 Qa7 $1 ({Reject} 18... Qxc6 $6 19. Ng5 $16) 19. Rcd6 Qc7 20. Rc6 Qa7 21. b3 Nf6 22. Nd4 Bb7 23. Rc7 Qa6 24. Nb5 Bxg2 25. Kxg2 Qa8+ 26. f3 Rbd8 27. Re1 Ne8 28. Ra7 Qb8 29. Re2 Nd6 30. Rc7 Nxb5 31. cxb5 Rd5 32. a4 Rfd8 33. Qc3 Rd3 34. Qc6 R3d6 35. Qc1 Rd1 36. Qf4 $11 Rf8 $1 37. Rxf7 Qxf4 38. Rxf4 Rxf4 39. gxf4 Kf7 40. Re3 Rb1 41. Rc3 Kf6 42. Kf2 Kf5 43. Rc7 Kf6 44. f5 Kxf5 45. Rxg7 h6 46. Rf7+ Ke5 47. f4+ Ke4 48. Rb7 Rb2+ 49. Ke1 Rxb3 50. Rxb6 Rb4 51. Rxe6+ Kxf4 52. Rxh6 Kg5 53. Ra6 Rxa4 54. b6 Kh4 55. Kf2 Rb4 56. Rxa5 Rxb6 1/2-1/2

[Event "World Junior U20 Open 2018"]
[Site "Gebze"]
[Date "2018.09.11"]
[Round "7.80"]
[White "Nurgaliyev, Sauat"]
[Black "Tuna, Alp"]
[Result "1/2-1/2"]
[ECO "B90"]
[WhiteElo "1685"]
[BlackElo "2253"]
[Annotator "NA"]
[PlyCount "89"]
[EventDate "2018.09.05"]
[EventType "swiss"]
[EventCountry "TUR"]
[SourceTitle "playchess.com"]
[Source "ChessBase"]
[SourceQuality "1"]
[TimeControl "40/5400+30:1800+30"]

1. e4 c5 2. Nf3 d6 3. d4 cxd4 4. Nxd4 Nf6 5. Nc3 a6 6. f3 e5 7. Nb3 Be6 8. Be3 Nbd7 9. Qd2 Rc8 10. O-O-O {[%emt 0:00:30] B90: Sicilian Najdorf: Unusual White 6th moves, 6 Be3 Ng4 and 6 Be3 e5} Be7 11. g4 Nb6 {[%emt 0:24:30] LiveBook: 52 Games} 12. Na5 (12. h4 O-O 13. Kb1 Nc4 14. Bxc4 Rxc4 15. h5 h6 16. g5 hxg5 17. Bxg5 Kh7 18. Qd3 Qc8 {1-0 (35) Ponomariov,R (2692)-Naiditsch,A (2710) Linares 2017}) 12... Qc7 13. Kb1 O-O 14. h4 {[%emt 0:03:30] [#]} (14. g5 $14 Nfd7 15. Nb3) 14... Rfd8 $146 ({Predecessor:} 14... d5 $1 $15 15. Bxb6 Qxb6 16. g5 Qxa5 17. Nxd5 Qd8 18. gxf6 Bxf6 {0-1 (68) Brikov,I (2427)-Amonatov,F (2557) Tula 2004}) 15. Qf2 Na8 16. Nb3 d5 17. exd5 Nxd5 18. Nxd5 Bxd5 19. Bd3 b5 20. h5 Bc4 21. Bf5 Rxd1+ 22. Rxd1 Rd8 23. Rh1 Rd6 24. g5 Qd8 25. Qg2 ({White should play} 25. Qg3 $16) 25... Rd1+ 26. Rxd1 Qxd1+ 27. Nc1 g6 28. Be4 Nc7 29. hxg6 hxg6 30. Qh2 Qd6 $11 31. f4 Ne6 32. fxe5 Qd8 33. b3 Bd5 34. Bxd5 Qxd5 35. Nd3 Bxg5 36. Bxg5 Nxg5 37. Qd2 Ne4 38. Qa5 Nc5 39. Nxc5 Qxc5 40. Qd8+ Kg7 41. Qf6+ Kh6 42. Qh4+ Kg7 43. Qf6+ Kh6 44. Qh4+ Kg7 45. Qf6+ 1/2-1/2

[Event "World Junior U20 Open 2018"]
[Site "Gebze"]
[Date "2018.09.11"]
[Round "7.81"]
[White "Rajic, Ivan"]
[Black "Fleri, Matthew"]
[Result "1-0"]
[ECO "A34"]
[WhiteElo "2021"]
[BlackElo "1625"]
[Annotator "NA"]
[PlyCount "55"]
[EventDate "2018.09.05"]
[EventType "swiss"]
[EventCountry "TUR"]
[SourceTitle "playchess.com"]
[Source "ChessBase"]
[SourceQuality "1"]
[TimeControl "40/5400+30:1800+30"]

1. c4 Nf6 2. g3 c5 3. Bg2 g6 4. Nc3 Bg7 5. d4 {[%emt 0:02:30] A34: Englische Eröffnung (Symmetrische Variante)} (5. Nf3 Nc6 6. d3 d6 7. a3 O-O 8. Rb1 a5 9. Bd2 Bd7 10. O-O Qc8 11. Ne1 Bh3 12. Nc2 Bxg2 13. Kxg2 Qd7 14. b4 axb4 15. axb4 d5 16. cxd5 Nxb4 17. Nxb4 cxb4 18. Rxb4 Nxd5 19. Nxd5 Qxd5+ {0-1 (74) Duda,J (2724)-Bu,X (2725) Liaocheng 2018}) 5... cxd4 6. Qxd4 Nc6 7. Qd1 O-O 8. Nf3 e6 $146 ({Vorgänger:} 8... d6 9. O-O Na5 10. Nd2 Ng4 11. Qc2 Bf5 12. e4 Be6 13. b3 Nc6 14. Nf3 Rc8 15. Bb2 a6 16. Nd5 Nge5 17. Nxe5 Nxe5 {0-1 (37) Franke,T (2167)-Hetey,L (2322) Bad Zwesten 2006}) 9. e4 d6 10. O-O a6 11. h3 Qe7 12. Bf4 Rd8 13. Qd2 b6 14. Rfd1 e5 15. Bg5 Be6 16. b3 Qc7 17. Rac1 Qe7 18. Qe3 Rab8 19. Nd5 Bxd5 20. cxd5 Na7 21. Bf1 Qb7 22. Nd2 Rd7 23. h4 Rc8 24. Nc4 Rb8 $18 25. Qf3 Ne8 26. Bh3 Rc7 27. Be3 b5 28. Na5 1-0

[Event "World Junior U20 Open 2018"]
[Site "Gebze"]
[Date "2018.09.11"]
[Round "7.82"]
[White "Maltezeanu, Stefan"]
[Black "Beukema, Christiaan"]
[Result "0-1"]
[ECO "C60"]
[WhiteElo "2089"]
[BlackElo "1904"]
[Annotator "NA"]
[PlyCount "126"]
[EventDate "2018.09.05"]
[EventType "swiss"]
[EventCountry "TUR"]
[SourceTitle "playchess.com"]
[Source "ChessBase"]
[SourceQuality "1"]
[TimeControl "40/5400+30:1800+30"]

1. e4 e5 2. Nf3 Nc6 3. Bb5 Nge7 4. c3 g6 5. O-O Bg7 6. d4 O-O 7. d5 {[%emt 0:00:00] C60: Ruy Lopez: Unusual Black 3rd moves and 3...g6} a6 (7... Nb8 8. d6 Nec6 9. Bg5 f6 10. Be3 cxd6 11. Qxd6 Re8 12. Rd1 Kh8 13. Bc4 Bf8 14. Qd5 Ne7 {½-½ (23) Kroeze,F (2419)-Ernst,S (2488) Almelo 2006}) 8. Be2 Nb8 9. d6 Nec6 (9... cxd6 $14 10. Qxd6 Nbc6) 10. Bg5 f6 11. Be3 cxd6 $146 ({Predecessor:} 11... b6 12. a4 Bb7 13. Nbd2 a5 14. Nc4 Na6 15. dxc7 Qxc7 16. Bxb6 {1-0 (32) Caldwell,J (2144)-Ausan,L (1192) LSS email 2011}) 12. Qxd6 b5 13. a4 bxa4 14. Rxa4 Kh8 15. Na3 Bb7 16. Nc4 Re8 17. Rd1 a5 18. Nb6 Nd4 19. Nxd4 ({Weaker is} 19. Nxa8 Nxe2+ 20. Kf1 Bxa8 $16) 19... exd4 20. Raxd4 Bf8 21. Qf4 Qxb6 22. Rxd7 Qc6 23. Bb5 Nxd7 24. Bxc6 Bxc6 25. f3 Rab8 26. Bd4 Bg7 27. Qc7 Rec8 28. Qxa5 Rxb2 29. Qa6 Rbb8 30. Ba7 Ra8 31. Rd6 Rc7 32. Rxc6 Raxa7 33. Qb5 Rxc6 34. Qxc6 h5 35. c4 Ne5 36. Qc8+ Kh7 37. f4 Ng4 38. g3 Ra1+ 39. Kg2 Ra2+ 40. Kf1 Nxh2+ 41. Ke1 Nf3+ 42. Kd1 Rd2+ 43. Kc1 Rd4 44. c5 Rxe4 45. c6 Rc4+ 46. Kd1 Nd4 47. c7 Nb5 48. Qd7 Nxc7 49. Ke2 f5 50. Kf3 Na6 51. Qf7 Rc3+ 52. Kg2 Nc5 53. g4 hxg4 54. Qe7 Ne4 55. Qh4+ Kg8 56. Qd8+ Bf8 57. Qd5+ $19 Kh7 58. Qd8 Rg3+ 59. Kf1 Rf3+ 60. Kg2 Bc5 61. Qc7+ Kh6 62. Qc8 Rf2+ 63. Kg1 Re2+ 0-1